 Dungeon Sprint DCSS version 0.29-a0-1033-gb6c65ffae6 (webtiles) character file.

Game seed: 3255218131159499165

9090 mhtbhm the Sorcerer (level 11, 0/66 HPs)
             Began as a Deep Elf Fire Elementalist on Aug 14, 2022.
             Was the Champion of Vehumet.
             Slain by Edmund
             ... wielding a +0 great mace of freezing
              (3 damage)
             ... in the Dungeon (Sprint III: "The Ten Rune Challenge").
             The game lasted 00:08:51 (2826 turns).

mhtbhm the Sorcerer (Deep Elf Fire Elementalist)    Turns: 2826, Time: 00:08:52

Health: 0/66       AC:  3    Str:  5    XL:     11   Next: 18%
Magic:  33/39      EV: 16    Int: 25    God:    Vehumet [******]
Gold:   1968       SH:  0    Dex: 19    Spells: 31/54 levels left

rFire   . . .      SeeInvis .   m - +2 dagger (venom)
rCold   + . .      Faith    .   (no shield)
rNeg    . . .      Spirit   .   a - +1 robe {rC+}
rPois   .          Reflect  .   (no helmet)
rElec   .          Harm     .   (no cloak)
rCorr   .          Rampage  .   (no gloves)
Will    +....      NoTele   +   (no boots)
Stlth   ++++......              (no amulet)
HPRegen 0.21/turn               d - ring of Xom's Passing Interest {Fly Dex+4}
MPRegen 0.26/turn               (no ring)

@: flying, slowed, very slow
A: claws 1, robust 1
a: Renounce Religion


You were in the Dungeon.
You worshipped Vehumet.
Vehumet was exalted by your worship.
You visited 1 branch You collected 2304 gold pieces.
You spent 336 gold pieces at shops.

Inventory:

Hand Weapons
 m - a +2 dagger of venom (weapon)
Armour
 a - a +1 robe of cold resistance (worn)
Jewellery
 d - the ring of Xom's Passing Interest (left claw) {Fly Dex+4}
   (You took it off a deep elf demonologist in the Dungeon)

   [ring of flight]

   Dex:       It affects your dexterity (+4).
   Fly:       It grants you flight.
Scrolls
 e - a scroll of silence {unknown}
 g - a scroll of blinking
 j - a scroll of identify
 l - a scroll of poison
Potions
 b - 3 potions of magic
 c - 3 potions of curing
 h - 2 potions of mutation
 k - 4 potions of flight
 n - 2 potions of might
Miscellaneous
 o - a phantom mirror


   Skills:
 + Level 3.8 Fighting
 + Level 6.9 Dodging
 + Level 6.5 Stealth
 + Level 22.0 Spellcasting
 + Level 9.3 Conjurations
 + Level 5.3 Hexes
 + Level 18.7 Fire Magic
 + Level 1.6 Air Magic
 + Level 1.2 Poison Magic
 + Level 0.9 Evocations


You had 31 spell levels left.
You knew the following spells:

 Your Spells              Type           Power      Damage    Failure   Level
a - Foxfire               Conj/Fire      100%       2x1d9     0%          1
b - Scorch                Fire           100%       2d10      0%          2
c - Conjure Flame         Conj/Fire      78%        6-21      0%          3
d - Inner Flame           Hex/Fire       73%        N/A       1%          3
e - Flame Wave            Conj/Fire      78%        2d17      1%          4
f - Mephitic Cloud        Conj/Pois/Air  47%        N/A       1%          3
g - Ignite Poison         Fire/Tmut/Pois 57%        N/A       1%          3
h - Fulminant Prism       Conj/Hex       29%        3d14      1%          4

Your spell library contained the following spells:

 Spells                   Type           Power      Damage    Failure   Level
 Sticky Flame             Conj/Fire      78%        2d9       1%          4
 Static Discharge         Conj/Air       53%        3-10/arc  1%          2
 Lightning Bolt           Conj/Air       26%        1d42      1%          5
 Summon Lightning Spire   Summ/Air       31%        N/A       10%         4
 Animate Armour           Summ/Erth      54%        N/A       14%         4
 Maxwell's Capacitive Co  Air            17%        ∞         100%        8


Dungeon Overview and Level Annotations

Branches:
Dungeon (1/1)

Altars:
Cheibriados
Dithmenos
Elyvilon
Fedhas
Gozag
Hepliaklqana
Kikubaaqudgha
Makhleb
Nemelex Xobeh
Okawaru
Qazlal
Ru
Sif Muna
Trog
Uskayaw
Vehumet
Wu Jian
Xom
Yredelemnul
Zin
The Shining One
Jiyva
Lugonu

Shops:
D :

Annotations:
D Edmund, Sigmund


Innate Abilities, Weirdness & Mutations

You have sharp fingernails.
You are robust. (+10% HP)


Message History

Sigmund is heavily wounded.
You feel very sick. Sigmund completely misses you.
Edmund throws a curare-tipped dart.
The curare-tipped dart closely misses you.
A wave of flame ripples out!
The flame wave engulfs Edmund!!!
Edmund is burned terribly!
Edmund is heavily wounded.
The flame wave engulfs Sigmund!!
Sigmund is burned terribly!
Sigmund is severely wounded.
You feel very sick.
Sigmund is no longer more vulnerable to fire.
Edmund is no longer more vulnerable to fire.
Sigmund casts a spell.
Sigmund flickers and vanishes!
Deactivating autopickup; reactivate with Ctrl-A.
Edmund hits you with a +0 great mace of freezing.
Edmund freezes you. Something hits you!
Unknown command.
A wave of flame ripples out!
The flame wave engulfs Edmund!!
Edmund is heavily wounded.
The flame wave engulfs something!!
You smell burning wood.
The flame wave engulfs the plant!!
The plant begins to die.
The plant is lightly damaged.
You finish channelling waves of flame.
You feel sick.
You hear a roar!
Edmund hits you with a +0 great mace of freezing.
Something hits you. Space warps around you.
* * * LOW HITPOINT WARNING * * *
Unknown command.
Unknown command.
Unknown command.
You feel better. Edmund misses you. Vehumet accepts your kill.
You feel your power returning.
You feel a bit more experienced. Something hits you. Space warps around you.
* * * LOW HITPOINT WARNING * * *
Edmund hits you with a +0 great mace of freezing!
* * * LOW HITPOINT WARNING * * *
Edmund freezes you.
You die...

#'###########################
#.§§~~'.#.'...'.#.#.#.†††.~≈#
#.#§~§#[#.#.).##.#.#.##†..~≈#
'.#.§§#.#.#)..#.#.#.#.#††.~≈≈≈#
#.#..§#...#.).##.#.#.##††.~~~~#
▓▓▓▓▓▓▓▓▓▓▓▓▓▓#.#.#.#.#.††....#
........~~~...##.#.#.##.......#
≈≈≈≈≈≈≈≈≈≈♣♣P.'.#.#.#.#.......#
♣♣♣♣♣♣♣♣♣♣♣♣PP##@#.#.##########
♣♣♣##@##### .{. #...# #...#
#####


You could see Edmund.

Vanquished Creatures
  A deep elf demonologist (D)
  Snorg (D)
  A centaur warrior (D)
  An orc high priest (D)
  2 deep elf knights (D)
  4 deep elf pyromancers (D)
  An unseen horror (D)
  A queen bee (D)
  3 wandering mushrooms (D)
  A shadow (D)
  A spatial vortex (D)
  A hydra simulacrum (D)
  An orc warrior (D)
  2 centaurs (D)
  An earth elemental (D)
  A necrophage (D)
  A water elemental (D)
  32 killer bees (D)
  4 orc priests (D)
  A jelly (D)
  A wizard (D)
  Jessica (D)
  A necromancer (D)
  2 orc wizards (D)
  3 humans (D)
  A kobold demonologist (D)
  A wolf (D)
  10 orcs (D)
  3 rats (D)
84 creatures vanquished.

Vanquished Creatures (others)
  23 foxfires (D)
  A fulminant prism (D)
  A plant (D)
25 creatures vanquished.

Grand Total: 109 creatures vanquished

Notes
Turn   | Place    | Note
-------+----------+-------------------------------------------
     0 | D        | mhtbhm the Deep Elf Fire Elementalist began the quest for
                  | the Orb.
     0 | D        | Reached XP level 1. HP: 10/10 MP: 6/6
    50 | D        | Noticed Jessica
    60 | D        | Killed Jessica
    61 | D        | Reached skill level 4 in Spellcasting
    61 | D        | Reached skill level 5 in Fire Magic
    61 | D        | Reached XP level 2. HP: 15/15 MP: 0/9
   164 | D        | Learned a level 2 spell: Scorch
   177 | D        | Reached skill level 5 in Spellcasting
   177 | D        | Reached XP level 3. HP: 19/19 MP: 3/11
   184 | D        | Learned a level 3 spell: Conjure Flame
   188 | D        | Learned a level 3 spell: Inner Flame
   264 | D        | Gained mutation: You have sharp fingernails. [potion of
                  | mutation]
   264 | D        | Gained mutation: You are robust. (+10% HP) [potion of
                  | mutation]
   285 | D        | Noticed a water elemental
   288 | D        | Killed a water elemental
   289 | D        | Reached skill level 7 in Spellcasting
   289 | D        | Reached XP level 4. HP: 26/26 MP: 6/15
   353 | D        | Found a radiant altar of Vehumet.
   353 | D        | Found a shimmering blue altar of Sif Muna.
   353 | D        | Found an ancient bone altar of Kikubaaqudgha.
   353 | D        | Noticed a wizard
   354 | D        | Killed a wizard
   355 | D        | Reached XP level 5. HP: 30/30 MP: 14/17
   361 | D        | Reached skill level 8 in Spellcasting
   415 | D        | Became a worshipper of Vehumet
   424 | D        | Learned a level 4 spell: Flame Wave
   523 | D        | Found a shadowy altar of Dithmenos.
   527 | D        | Reached skill level 9 in Spellcasting
   574 | D        | Found a basalt altar of Yredelemnul.
   574 | D        | Found a sacrificial altar of Ru.
   598 | D        | Found a glowing silver altar of Zin.
   598 | D        | Found a glowing golden altar of the Shining One.
   598 | D        | Found a white marble altar of Elyvilon.
   598 | D        | Noticed a deep elf pyromancer
   604 | D        | Killed a deep elf pyromancer
   604 | D        | Reached * piety under Vehumet
   604 | D        | Offered knowledge of Sandblast by Vehumet.
   605 | D        | Reached skill level 5 in Dodging
   605 | D        | Reached skill level 5 in Stealth
   605 | D        | Reached skill level 13 in Spellcasting
   605 | D        | Reached skill level 5 in Conjurations
   605 | D        | Reached XP level 6. HP: 8/36 MP: 7/24
   605 | D        | Reached XP level 7. HP: 9/40 MP: 7/25
   839 | D        | Found a hide-covered altar of Uskayaw.
   839 | D        | Found an iron altar of Okawaru.
   839 | D        | Found a bloodstained altar of Trog.
   839 | D        | Found an ornate altar of the Wu Jian Council.
   839 | D        | Noticed a human
   839 | D        | Noticed a human
   842 | D        | Killed a human
   844 | D        | Killed a human
   845 | D        | Reached skill level 14 in Spellcasting
   900 | D        | Noticed a shadow
   903 | D        | Reached ** piety under Vehumet
   903 | D        | Offered knowledge of Shock by Vehumet.
   904 | D        | Reached XP level 8. HP: 46/46 MP: 21/28
   907 | D        | Reached skill level 1 in Fighting
   975 | D        | Found a blossoming altar of Fedhas.
   975 | D        | Found a stormy altar of Qazlal.
   975 | D        | Found a snail-covered altar of Cheibriados.
   975 | D        | Found a burning altar of Makhleb.
   975 | D        | Found a shimmering altar of Xom.
   976 | D        | Found a hazy altar of Hepliaklqana.
   976 | D        | Found an opulent altar of Gozag.
   976 | D        | Found a sparkling altar of Nemelex Xobeh.
   976 | D        | Found a corrupted altar of Lugonu.
   976 | D        | Found a viscous altar of Jiyva.
   986 | D        | Reached skill level 15 in Spellcasting
  1078 | D        | Noticed Snorg
  1137 | D        | Killed Snorg
  1137 | D        | Offered knowledge of Ignite Poison by Vehumet.
  1138 | D        | Reached skill level 16 in Spellcasting
  1138 | D        | Reached XP level 9. HP: 37/52 MP: 16/31
  1263 | D        | Noticed an orc high priest
  1265 | D        | Reached *** piety under Vehumet
  1269 | D        | Noticed a red devil
  1269 | D        | Killed an orc high priest
  1270 | D        | Reached skill level 17 in Spellcasting
  1270 | D        | Reached skill level 1 in Hexes
  1270 | D        | Reached skill level 15 in Fire Magic
  1270 | D        | Reached **** piety under Vehumet
  1271 | D        | Reached ***** piety under Vehumet
  1380 | D        | Found Feones's Book Emporium.
  1474 | D        | Bought the Compilation of Adjuration and the Zephyr for 336
                  | gold pieces
  1478 | D        | Learned a level 3 spell: Mephitic Cloud
  1482 | D        | Learned a level 3 spell: Ignite Poison
  1506 | D        | Noticed a deep elf pyromancer
  1506 | D        | Noticed a deep elf knight
  1506 | D        | Noticed a deep elf pyromancer
  1506 | D        | Noticed a deep elf pyromancer
  1506 | D        | Noticed a deep elf knight
  1621 | D        | Killed a deep elf pyromancer
  1621 | D        | Offered knowledge of Fulminant Prism by Vehumet.
  1622 | D        | Reached skill level 18 in Spellcasting
  1626 | D        | Killed a deep elf knight
  1626 | D        | Killed a deep elf pyromancer
  1626 | D        | Killed a deep elf pyromancer
  1626 | D        | Reached ****** piety under Vehumet
  1627 | D        | Reached skill level 19 in Spellcasting
  1627 | D        | Reached skill level 1 in Air Magic
  1627 | D        | Reached XP level 10. HP: 42/60 MP: 23/35
  1628 | D        | Killed a deep elf knight
  1629 | D        | Reached skill level 20 in Spellcasting
  1717 | D        | Noticed a deep elf demonologist
  1719 | D        | Noticed a deep elf annihilator
  1773 | D        | Noticed a deep elf master archer
  1804 | D        | Learned a level 4 spell: Fulminant Prism
  1821 | D        | Offered knowledge of Irradiate by Vehumet.
  1909 | D        | Identified the ring of Xom's Passing Interest {Fly Dex+4}
  1930 | D        | Noticed an Ice Fiend
  1932 | D        | Killed a deep elf demonologist
  1933 | D        | Reached skill level 1 in Poison Magic
  2333 | D        | Noticed a centaur warrior
  2336 | D        | Offered knowledge of Starburst by Vehumet.
  2341 | D        | Killed a centaur warrior
  2686 | D        | Reached skill level 21 in Spellcasting
  2703 | D        | Reached skill level 5 in Hexes
  2789 | D        | Offered knowledge of Sticky Flame by Vehumet.
  2790 | D        | Reached XP level 11. HP: 66/66 MP: 36/38
  2798 | D        | Reached skill level 22 in Spellcasting
  2819 | D        | Noticed Sigmund
  2819 | D        | Noticed Edmund
  2826 | D        | HP: 3/66 [Edmund/+0 great mace of freezing (14)]
  2826 | D        | Slain by Edmund

Illustrated notes

Levels and vault maps discovered:
D:        dungeon_sprint_mu [sprint_mu_entry_cave, sprint_mu_temple_rooms,
          sprint_mu_d1_horrors, sprint_mu_d2_genie, sprint_mu_d3_branching,
          sprint_mu_orc_legion, sprint_mu_elf_gauntlet, sprint_mu_hive_nellie,
          sprint_mu_lair_fedhas, sprint_mu_vaults_butterflies,
          sprint_mu_slime_circle, sprint_mu_swamp_cave, sprint_mu_shoals_archi,
          sprint_mu_blade_basic, sprint_mu_crypt_chambers,
          sprint_mu_tomb_spiral, sprint_mu_vestibule_basic,
          sprint_mu_gehenna_hellfire, sprint_mu_dis_giant,
          sprint_mu_tartarus_statrot, sprint_mu_cocytus_islands, sprint_mu_zot1]

Skill      XL: |  1  2  3  4  5  6  7  8  9 10 11 |
---------------+----------------------------------+-----
Dodging        | 3 4 5 6 |  6.9
Stealth        | 3 4 5 6 |  6.5
Spellcasting   | 4 5 7 13 14 16 19 21 22 | 22.0
Fire Magic     | 5 6 7 8 12 14 17 18 | 18.7
Conjurations   | 2 3 5 6 8 9 |  9.3
Fighting       | 1 2 3 |  3.8
Hexes          | 2 5 |  5.3
Air Magic      | 1 |  1.6
Poison Magic   | 1 |  1.2
Evocations     | |  0.9

Action                   |  1- 3 |  4- 6 |  7- 9 | 10-12 || total
-------------------------+-------+-------+-------+-------++-------
Melee: Unarmed           |       |     1 |       |       ||     1
       Dagger            |       |       |       |     5 ||     5
 Cast: Foxfire           |    13 |       |     3 |     1 ||    17
       Scorch            |     6 |     9 |    14 |    22 ||    51
       Flame Wave        |       |     1 |     9 |     7 ||    17
       Mephitic Cloud    |       |       |     3 |       ||     3
       Inner Flame       |       |       |     2 |     2 ||     4
       Fulminant Prism   |       |       |       |     1 ||     1
Evoke: Phantom mirror    |       |       |       |     1 ||     1
  Use: Potion            |     1 |       |     1 |     3 ||     5
       Scroll            |       |       |     3 |       ||     3
 Stab: Distracted        |       |       |       |     1 ||     1
Armor: Robe              |     1 |       |     1 |     1 ||     3
Dodge: Dodged            |     3 |     2 |     6 |    22 ||    33

Table legend: (Time is in decaauts)
 A = Elapsed time spent in this place.
 B = Non-inter-level travel time spent in this place.
 C = Inter-level travel time spent in this place.
 D = Time resting spent in this place.
 E = Time spent auto-exploring this place.
 F = Levels seen in this place.
 G = Mean time per level.
                   A        B        C        D        E       F      G
               +--------+--------+--------+--------+--------+-----+--------+
         Total |   2821 |   2821 |      0 |   1956 |    126 |   1 | 2821.0 |
       Dungeon |   2821 |   2821 |      0 |   1956 |    126 |   1 | 2821.0 |
               +--------+--------+--------+--------+--------+-----+--------+

Top non-repeatable levels by time:
       D: 2821 daAuts
